 Dungeon Crawl Stone Soup version 0.29-a0-1016-g236c7fd91e (webtiles) character file.

Game seed: 2485211376020131236

502 Manisian the Caller (level 6, -1/33 HPs)
             Began as a Deep Elf Summoner on Aug 9, 2022.
             Slain by an iron imp (10 damage)
             ... on level 3 of the Dungeon.
             The game lasted 00:06:46 (3477 turns).

Manisian the Caller (Deep Elf Summoner)             Turns: 3477, Time: 00:06:46

Health: -1/33      AC:  3    Str:  5    XL:     6   Next: 95%
Magic:  13/17      EV: 17    Int: 22    God:
Gold:   104        SH:  0    Dex: 15    Spells: 8/17 levels left

rFire   . . .      SeeInvis .   l - +0 scythe (flame)
rCold   . . .      Faith    .   (shield currently unavailable)
rNeg    . . .      Spirit   .   a - +1 robe
rPois   .          Reflect  .   (no helmet)
rElec   .          Harm     .   (no cloak)
rCorr   .          Rampage  .   (no gloves)
Will    .....                   (no boots)
Stlth   ++........              (no amulet)
HPRegen 0.11/turn               e - +4 ring of evasion
MPRegen 0.15/turn               (no ring)

@: no status effects
A: no striking features
a: no special abilities


You were on level 3 of the Dungeon.
You visited 1 branch of the dungeon, and saw 3 of its levels.

You collected 104 gold pieces.

Inventory:

Hand Weapons
 l - a +0 scythe of flaming (weapon)
Missiles
 f - 6 curare-tipped darts
Armour
 a - a +1 robe (worn)
Jewellery
 e - a +4 ring of evasion (left hand)
Wands
 h - a wand of flame (13)
Scrolls
 m - 2 scrolls of fog
Potions
 b - a potion of magic
 c - 4 potions of curing
 d - a potion of degeneration {unknown}
 g - a potion of ambrosia {unknown}
 i - a potion of lignification {unknown}
 j - 2 potions of flight {unknown}
 k - a potion of mutation {unknown}
 n - 2 potions of heal wounds {unknown}
 o - 2 potions of brilliance {unknown}


   Skills:
 + Level 0.7 Fighting
 + Level 1.3 Polearms
 + Level 2.8 Dodging
 + Level 2.9 Stealth
 + Level 1.0 Unarmed Combat
 + Level 6.4 Spellcasting
 + Level 0.2 Hexes
 + Level 6.7 Summonings


You had 8 spell levels left.
You knew the following spells:

 Your Spells              Type           Power      Damage    Failure   Level
a - Summon Small Mammal   Summ           100%       N/A       1%          1
b - Call Imp              Summ           36%        N/A       1%          2
c - Call Canine Familiar  Summ           36%        N/A       1%          3
d - Summon Guardian Gole  Hex/Summ       22%        N/A       6%          3

Your spell library contained the following spells:

 Spells                   Type           Power      Damage    Failure   Level
 Sandblast                Erth           14%        2d6       9%          1
 Passwall                 Tmut/Erth      5%         N/A       13%         2
 Summon Lightning Spire   Summ/Air       21%        N/A       22%         4
 Tukima's Dance           Hex            7%         N/A       24%         3
 Stone Arrow              Conj/Erth      14%        3d7       26%         3
 Passage of Golubria      Tloc           7%         N/A       65%         4
 Yara's Violent Unravell  Hex/Tmut       3%         3d4       93%         5
 Blade Hands              Tmut           3%         N/A       94%         5
 Irradiate                Conj/Tmut      3%         3d12      94%         5
 Dragon Form              Tmut           3%         N/A       100%        7


Dungeon Overview and Level Annotations

Branches:
Dungeon (3/15)

Altars:
Ashenzari
Makhleb
Nemelex Xobeh


Message History

The iron imp hits you.
You are too injured to fight recklessly!
You are too injured to fight recklessly!
You are too injured to fight recklessly!
You are too injured to fight recklessly!
You are too injured to fight recklessly!
You are too injured to fight recklessly!
You are too injured to fight recklessly!
You are too injured to fight recklessly!
You are too injured to fight recklessly!
Casting: Summon Small Mammal (safe; 1% risk of failure)
Confirm with . or Enter, or press ? or * to list all spells.
A guardian golem appears, shielding your allies.
The iron imp hits your guardian golem! The iron imp closely misses you.
Casting: Summon Guardian Golem (dangerous; 6% risk of failure)
Confirm with . or Enter, or press ? or * to list all spells.
The iron imp hits you.
* * * LOW HITPOINT WARNING * * *
Your hound bites the iron imp.
The iron imp dies!
Your hound barely misses the iron imp.
You see here a fizzy white potion.
Your hound bites the iron imp.
The iron imp closely misses you.
You hit the iron imp.
The iron imp is heavily wounded.
Your hound bites the iron imp but does no damage.
Your hound closely misses the iron imp.
The iron imp barely misses your hound.
You closely miss the iron imp.
The iron imp is heavily wounded.
Your hound bites the iron imp but does no damage.
Your hound bites the iron imp.
The iron imp closely misses you.
You hit the iron imp but do no damage.
The iron imp is heavily wounded.
Your hound bites the iron imp but does no damage.
Your hound bites the iron imp.
The iron imp misses your hound.
You hit the iron imp but do no damage.
The iron imp is severely wounded.
Your hound barely misses the iron imp.
Your hound bites the iron imp.
The iron imp hits you!
You die...

..##....................#.....###
..##...............#..###........
..##.................## #<.......
####...............### #.......)
#.................# ###......
#..........)...>#.############
#...........#..........
#############.......(..
#@!........ #.5........
#.h9...≈.§. #....≈≈8≈§. ####
#...§≈≈.≈§≈ #... #..≈§.....≈ ####
#.≈≈....... #.§§..._...
#.§≈.......


You could see an iron imp (ally target), a friendly guardian golem (summoned)
and a friendly hound (summoned, sheltered).

Vanquished Creatures
  An iron imp (D:3)
  Natasha (twice) (D:2)
  Robin (D:3)
  3 gnolls (D:2)
  An adder (D:3)
  5 orcs (D:3)
  An endoplasm (D:3)
  A giant cockroach (D:3)
  4 goblins (D:3)
  4 jackals (D:2)
  A quokka (D:2)
  A ball python (D:2)
  3 bats
  A rat (D:3)
29 creatures vanquished.

Vanquished Creatures (collateral kills)
  An iron imp (D:3)
  Jessica (D:2)
  Natasha (D:2)
  4 gnolls (D:3)
  A worm (D:3)
  5 ball pythons
  3 endoplasms (D:1)
  A giant cockroach (D:1)
  14 goblins
  3 hobgoblins
  4 kobolds
  4 quokkas (D:2)
  3 bats
  A frilled lizard (D:2)
  7 rats
53 creatures vanquished.

Vanquished Creatures (others)
  Sigmund (D:2)
1 creature vanquished.

Grand Total: 83 creatures vanquished

Notes
Turn   | Place    | Note
-------+----------+-------------------------------------------
     0 | D:1      | Manisian the Deep Elf Summoner began the quest for the Orb.
     0 | D:1      | Reached XP level 1. HP: 10/10 MP: 6/6
   506 | D:1      | Reached XP level 2. HP: 15/15 MP: 5/8
   534 | D:1      | Learned a level 2 spell: Call Imp
   699 | D:1      | Reached skill level 5 in Summonings
  1376 | D:2      | Reached XP level 3. HP: 19/19 MP: 6/10
  1380 | D:2      | Learned a level 3 spell: Call Canine Familiar
  1454 | D:2      | Noticed Natasha
  1461 | D:2      | Killed Natasha
  1516 | D:2      | Noticed Jessica
  1525 | D:2      | Killed Jessica
  1526 | D:2      | Reached skill level 1 in Unarmed Combat
  1526 | D:2      | Reached XP level 4. HP: 17/24 MP: 7/12
  1533 | D:2      | Learned a level 3 spell: Summon Guardian Golem
  1811 | D:2      | Noticed Sigmund
  1859 | D:2      | Killed Sigmund
  1860 | D:2      | Reached skill level 5 in Spellcasting
  1860 | D:2      | Reached XP level 5. HP: 21/28 MP: 5/15
  1992 | D:2      | Noticed Natasha
  1998 | D:2      | Killed Natasha
  1999 | D:2      | Reached XP level 6. HP: 27/32 MP: 16/16
  2065 | D:2      | Noticed Natasha
  2072 | D:2      | Killed Natasha
  2756 | D:3      | Found a broken altar of Ashenzari.
  2933 | D:3      | Found a faded altar of an unknown god.
  2936 | D:3      | Noticed Robin
  2959 | D:3      | Killed Robin
  2960 | D:3      | Reached skill level 1 in Polearms
  3144 | D:3      | Found a sparkling altar of Nemelex Xobeh.
  3429 | D:3      | Found a burning altar of Makhleb.
  3477 | D:3      | Slain by an iron imp

Illustrated notes

Levels and vault maps discovered:
D:1:      dpeg_arrival_short_road, layout_loops_ring, minmay_misc_feat_tiny
D:2:      layout_loops_ring, lightli_corner_chamber, uniq_jessica, uniq_natasha,
          uniq_sigmund
D:3:      layout_basic, cheibrodos_ashenzari_chains, demons_altar,
          lemuel_round_altar, basic_ecumenical_altar, uniq_robin

Skill      XL: |  1  2  3  4  5  6 |
---------------+-------------------+-----
Summonings     | 5 6 |  6.7
Spellcasting   | 4 5 6 |  6.4
Unarmed Combat | 1 |  1.0
Polearms       | 1 |  1.3
Fighting       | |  0.7
Dodging        | |  2.8
Stealth        | |  2.9
Hexes          | |  0.2

Action                   |  1- 3 |  4- 6 || total
-------------------------+-------+-------++-------
Melee: Unarmed           |    13 |       ||    13
       Halberd           |       |    98 ||    98
 Cast: Summon Small Mamm |    36 |    13 ||    49
       Call Imp          |     4 |     3 ||     7
       Call Canine Famil |     1 |     5 ||     6
       Summon Guardian G |       |     5 ||     5
  Use: Scroll            |     4 |     1 ||     5
 Stab: Sleeping          |       |     2 ||     2
Armor: Robe              |     4 |    15 ||    19
Dodge: Dodged            |    26 |    71 ||    97

Table legend: (Time is in decaauts)
 A = Elapsed time spent in this place.
 B = Non-inter-level travel time spent in this place.
 C = Inter-level travel time spent in this place.
 D = Time resting spent in this place.
 E = Time spent auto-exploring this place.
 F = Levels seen in this place.
 G = Mean time per level.
                   A        B        C        D        E       F      G
               +--------+--------+--------+--------+--------+-----+--------+
         Total |   3524 |   3472 |     52 |    100 |   2683 |   3 | 1174.7 |
       Dungeon |   3524 |   3472 |     52 |    100 |   2683 |   3 | 1174.7 |
               +--------+--------+--------+--------+--------+-----+--------+

Top non-repeatable levels by time:
     D:2: 1376 daAuts
     D:1: 1291 daAuts
     D:3: 856 daAuts
